 Dungeon Crawl Stone Soup version 0.21.1-1-g345015fe64 (webtiles) character file.

65157 Loge the Severer (level 14, -13/207 HPs)
             Began as a Minotaur Berserker on July 13, 2018.
             Was a High Priest of Trog.
             Killed from afar by a fire dragon (38 damage)
             ... with a blast of flame
             ... on level 11 of the Dungeon.
             The game lasted 01:14:47 (21218 turns).

Loge the Severer (Minotaur Berserker)              Turns: 21218, Time: 01:14:47

Health: -13/207    AC: 34    Str: 32    XL:     14   Next: 74%
Magic:  13/13      EV: 11    Int:  4    God:    Trog [*****.]
Gold:   261        SH:  0    Dex: 10    Spells: 13/13 levels left

rFire    . . .     SeeInvis .   L - +4 executioner's axe (venom)
rCold    . . .     Gourm    .   (shield currently unavailable)
rNeg     . . .     Faith    .   X - +0 crystal plate armour
rPois    .         Spirit   .   (helmet restricted)
rElec    .         Reflect  .   d - +2 cloak
rCorr    .         Harm     .   P - +0 pair of gloves
MR       +....                  H - +1 pair of boots
Stlth    ..........             (no amulet)
HPRegen  0.44/turn              r - +4 ring of protection
MPRegen  0.13/turn              y - +2 ring of slaying

@: berserking (expiring), very quick
A: retaliatory headbutt, horns 2
a: Berserk, Trog's Hand, Brothers in Arms, Burn Spellbooks, Renounce Religion


You were on level 11 of the Dungeon.
You worshipped Trog.
Trog was extremely pleased with you.
You were near starving.

You visited 3 branches of the dungeon, and saw 19 of its levels.
You also visited: Sewer and Ossuary.

You collected 2021 gold pieces.
You spent 1760 gold pieces at shops.

Inventory:

Hand Weapons
 b - the +8 longbow of Viw Mong {speed, rF++ Int+4 Stlth-}
   (Trog gifted it to you in an ossuary)

   Attacks with this weapon are significantly faster.
   It affects your intelligence (+4).
   It greatly protects you from fire.
   It makes you less stealthy.
 j - the +5 war axe of Righteous Anger {chop, *Drain rPois Stlth+}
   (You found it on level 4 of the Lair of Beasts)

   It inflicts extra damage upon your enemies.
   It protects you from poison.
   It causes draining when unequipped.
   It makes you more stealthy.
 v - a +3 battleaxe
 L - a +4 executioner's axe of venom (weapon)
 Y - a +2 whip of electrocution
 Z - a +3 vampiric battleaxe
Missiles
 i - 322 arrows
 C - 5 javelins of returning (quivered)
 K - 43 tomahawks
 M - 2 steel javelins
Armour
 d - a +2 cloak (worn)
 H - a +1 pair of boots (worn)
 P - a +0 pair of gloves (worn)
 X - a +0 crystal plate armour (worn)
Jewellery
 r - a +4 ring of protection (left hand)
 y - a +2 ring of slaying (right hand)
 W - an uncursed ring of protection from cold
Wands
 e - a wand of flame (43)
 o - a wand of random effects (91)
 q - a wand of disintegration (37)
 t - a wand of digging (32)
 G - a wand of iceblast (11)
 J - a wand of enslavement (10)
 N - a wand of paralysis (55)
 O - a wand of scattershot (1)
 V - a wand of clouds (8)
Scrolls
 f - 2 scrolls of enchant armour
 g - 5 scrolls of remove curse
 m - 5 scrolls of enchant weapon
 n - 4 scrolls of teleportation
 s - 4 scrolls of magic mapping
 z - 2 scrolls of blinking
 A - 4 scrolls of fog
 F - 4 scrolls of fear
 I - a scroll of random uselessness {unknown}
 U - a scroll of acquirement {unknown}
Potions
 a - a potion of invisibility {unknown}
 h - 2 potions of mutation
 k - 5 potions of brilliance
 l - 2 potions of berserk rage
 u - 4 potions of lignification
 w - a potion of ambrosia {unknown}
 x - 7 potions of curing
 B - 4 potions of heal wounds
 D - 5 potions of haste
 E - 3 potions of might
 Q - a potion of resistance
 R - a potion of cancellation
 S - 3 potions of flight
 T - 2 potions of agility
Comestibles
 c - 33 rations
 p - 4 chunks of flesh


   Skills:
 * Level 16.5 Fighting
 + Level 16.7 Axes
 + Level 14.0 Armour
 + Level 13.0 Dodging


You had 13 spell levels left.
You didn't know any spells.

Dungeon Overview and Level Annotations

Branches:
Dungeon (11/15)            Temple (0/1) D:5            Lair (6/6) D:8
 Shoals (0/4) Lair:4       Spider (0/4) Lair:3        Slime (0/5) Lair:5
    Orc (2/2) D:10            Elf (0/3) Orc:2

Altars:
Dithmenos
Fedhas
Okawaru
Qazlal
Sif Muna
Wu Jian
Yredelemnul
Beogh

Shops:
D:5 %   D:6 }   D:9 *   D:11 *   Orc:2 :(*[

Annotations:
D:8 exclusion: door
D:11 1 runed door, exclusion: oklob plant


Innate Abilities, Weirdness & Mutations

You reflexively headbutt those who attack you in melee.
You have a pair of horns on your head.


Message History

The fire dragon claws you but does no damage.
The fire dragon tramples you but does no damage.
You slash the ice dragon!
The ice dragon is heavily wounded.
You cut the fire dragon into ribbons!!!
Your cyclops barely misses the ice dragon.
You swap places.
The fire dragon bites your cyclops!
The fire dragon claws your cyclops but does no damage.
The fire dragon tramples your cyclops but does no damage.
The ice dragon completely misses you.
The ice dragon claws you but does no damage.
The ice dragon misses you.
Your cyclops hits the fire dragon!!
There is an open door, spattered with blood here.
You feel a strong urge to attack something.
The ice dragon breathes frost at you. The blast of cold hits you!
* * * LOW HITPOINT WARNING * * *
The fire dragon breathes flames at you. The blast of flame hits your cyclops.
The blast of flame hits you!
You die...

#.# #..#≈≈#....#)...))......
#.##### #..#≈≈#..⌠!#............
##.##..###..####....#....#.......
##".#.......#...[...#....###.....
###......##.#....####...## ####..
# #.......#.#.⌠.D#≈≈#..## #.. #
#.........#..DC#≈≈#..# ##.
#.........####'####..# ##
#.............@[.(...# #
###.....#######......# # #######
########


You could see a fire dragon, an ice dragon and a friendly cyclops (berserk).

Vanquished Creatures
  Rupert (Lair:6)
  An orc warlord (Orc:1)
  Snorg (Lair:6)
  Josephine (Orc:1)
  A fire dragon (D:11)
  An ice dragon (D:11)
  Harold (D:10)
  A catoblepas (Lair:6)
  Erica (D:8)
  3 hydras
  11 death yaks
  A deep troll shaman (Lair:6)
  3 orc high priests (Orc:2)
  2 unseen horrors
  Pikel (D:8)
  4 orc knights
  A manticore (D:11)
  An ugly thing (D:11)
  A cyclops (Orc:1)
  5 orc sorcerers (Orc:2)
  11 elephants
  7 black mambas
  9 spiny frogs
  A gargoyle (D:10)
  5 rime drakes
  3 polar bears (Lair:6)
  3 trolls
  9 komodo dragons
  The ghost of brittlin the Chopper, an amateur HOFi (D:4)
  10 blink frogs
  Sigmund (D:6)
  6 hippogriffs
  A spriggan (D:8)
  A vampire (D:10)
  2 wyverns
  3 basilisks
  5 wraiths (Orc:1)
  Eustachio (D:6)
  2 fire bats (Lair:6)
  25 yaks
  The ghost of dracomuter the Changer, an amateur DrTm (D:3)
  3 hungry ghosts
  Menkaure (D:6)
  A warg (Orc:1)
  12 porcupines
  25 orc warriors
  13 water moccasins
  4 black bears
  An ice beast (D:11)
  3 sky beasts
  A phantom (D:9)
  2 necrophages
  9 ogres
  20 wolves
  2 centaurs
  11 crocodiles
  A big kobold (D:7)
  19 bullfrogs
  8 scorpions
  14 killer bees
  18 wights
  3 electric eels
  5 crimson imps
  2 centaur zombies
  2 bullfrog zombies
  2 quasits (D:8)
  26 orc priests
  A gnoll shaman (D:8)
  8 hounds
  10 jellies
  2 centaur skeletons
  2 bullfrog skeletons
  3 iguanas
  8 worker ants
  23 orc wizards
  2 hell rats (D:8)
  A hound skeleton (D:8)
  18 gnolls
  17 adders
  6 river rats
  3 shadow imps
  15 oozes
  2 adder skeletons
  2 adder zombies
  4 worms
  2 dart slugs
  A leopard gecko (D:4)
  73 orcs
  3 giant cockroaches
  7 goblins
  8 hobgoblins
  6 jackals
  6 quokkas
  9 ball pythons
  6 bats
  7 frilled lizards
  3 hobgoblin zombies (Ossuary)
  13 kobolds
  3 kobold zombies (Ossuary)
  An orc zombie (Ossuary)
  A quokka skeleton (D:5)
  2 quokka zombies (Ossuary)
  34 rats
  8 rat zombies (Ossuary)
  2 fungi (Lair:6)
  6 plants
685 creatures vanquished.

Vanquished Creatures (collateral kills)
  An ettin (Orc:1)
  A hydra (Lair:1)
  3 mummies (Ossuary)
5 creatures vanquished.

Vanquished Creatures (others)
  2 slaves (D:8)
  2 gnolls (D:8)
  A river rat (D:8)
  A rat (D:8)
  17 fungi
  7 plants
30 creatures vanquished.

Grand Total: 720 creatures vanquished

Notes
Turn   | Place    | Note
-------+----------+-------------------------------------------
     0 | D:1      | Loge the Minotaur Berserker began the quest for the Orb.
     0 | D:1      | Reached XP level 1. HP: 19/19 MP: 0/0
   191 | D:1      | Reached XP level 2. HP: 25/27 MP: 1/1
   574 | D:1      | Reached XP level 3. HP: 30/33 MP: 2/2
   739 | D:2      | Reached ** piety under Trog
   763 | D:2      | Reached XP level 4. HP: 30/40 MP: 3/3
   965 | D:2      | Found a faded altar of an unknown god.
  1409 | D:3      | Noticed a centaur
  1416 | D:3      | Killed a centaur
  1416 | D:3      | Reached skill level 5 in Axes
  1416 | D:3      | Reached XP level 5. HP: 34/47 MP: 4/4
  1561 | D:3      | Noticed dracomuter's ghost (amateur DrTm)
  1572 | D:3      | Killed dracomuter's ghost
  1572 | D:3      | Reached XP level 6. HP: 44/55 MP: 5/5
  1573 | D:3      | Reached skill level 5 in Fighting
  2151 | D:4      | Found a basalt altar of Yredelemnul.
  2251 | D:4      | Found a glowing drain.
  2261 | Sewer    | Entered a sewer
  2285 | Sewer    | Reached *** piety under Trog
  2526 | Sewer    | Reached XP level 7. HP: 51/61 MP: 6/6
  2661 | Sewer    | Reached **** piety under Trog
  2837 | D:4      | Reached skill level 5 in Armour
  2905 | D:4      | Noticed brittlin's ghost (amateur HOFi)
  2915 | D:4      | Killed brittlin's ghost
  2972 | D:4      | Found a shadowy altar of Dithmenos.
  3100 | D:4      | Reached XP level 8. HP: 70/70 MP: 7/7
  3103 | D:4      | Reached skill level 5 in Dodging
  3560 | D:5      | Entered Level 5 of the Dungeon
  3724 | D:5      | Found a staircase to the Ecumenical Temple.
  4036 | D:5      | Found an iron altar of Okawaru.
  4194 | D:5      | Found Cecver's Food Emporium.
  4620 | D:6      | Noticed Eustachio
  4621 | D:6      | Found Nos Puha's Gadget Shoppe.
  4645 | D:6      | Killed Eustachio
  4696 | D:6      | Noticed Menkaure
  4703 | D:6      | Killed Menkaure
  4703 | D:6      | Reached XP level 9. HP: 79/79 MP: 8/8
  4707 | D:6      | Found a stormy altar of Qazlal.
  4858 | D:6      | Found an ornate altar of the Wu Jian Council.
  4981 | D:6      | Noticed Sigmund
  5016 | D:6      | Killed Sigmund
  5016 | D:6      | Reached skill level 10 in Axes
  5095 | D:6      | Reached ***** piety under Trog
  5355 | D:7      | Found a sand-covered staircase.
  5369 | Ossuary  | Entered an ossuary
  5785 | Ossuary  | Received a gift from Trog
  5788 | Ossuary  | Got a transparent longbow {god gift}
  5790 | Ossuary  | Identified the +8 longbow of Viw Mong {speed, rF++ Int+4 Stlth-} (Trog gifted it to you in an ossuary)
  5966 | D:7      | Found a blossoming altar of Fedhas.
  6851 | D:7      | Reached XP level 10. HP: 90/90 MP: 9/9
  7056 | D:8      | Noticed Pikel
  7220 | D:8      | Killed Pikel
  7271 | D:8      | Noticed a death yak
  7370 | D:8      | Noticed a death yak
  7370 | D:8      | Noticed a death yak
  7377 | D:8      | Killed a death yak
  7384 | D:8      | Killed a death yak
  7388 | D:8      | Killed a death yak
  7441 | D:8      | Found a staircase to the Lair.
  7587 | D:8      | Found a deep blue altar of Sif Muna.
  7627 | D:8      | Noticed Erica
  7647 | D:8      | Killed Erica
  7647 | D:8      | Reached XP level 11. HP: 31/97 MP: 10/10
  8465 | D:9      | Reached skill level 10 in Fighting
  8568 | D:9      | Found Nycos's Assorted Antiques.
  9032 | D:9      | Reached skill level 10 in Armour
  9176 | D:10     | Entered Level 10 of the Dungeon
  9268 | Lair:1   | Entered Level 1 of the Lair of Beasts
  9504 | Lair:1   | Reached ****** piety under Trog
 10079 | Lair:1   | Noticed a five-headed hydra
 10112 | Lair:1   | Killed a six-headed hydra
 10337 | Lair:1   | Reached XP level 12. HP: 108/108 MP: 11/11
 10660 | Lair:2   | Reached skill level 10 in Dodging
 10811 | Lair:2   | Received a gift from Trog
 11491 | Lair:3   | Reached skill level 15 in Axes
 12051 | Lair:3   | Found a hole to the Spider Nest.
 12322 | Lair:4   | Found a staircase to the Shoals.
 12967 | Lair:4   | Got a smoking war axe
 13113 | Lair:5   | Received a gift from Trog
 13380 | Lair:5   | Identified the +5 war axe of Righteous Anger {chop, *Drain rPois Stlth+} (You found it on level 4 of the Lair of Beasts)
 13612 | Lair:5   | Noticed a five-headed hydra
 13626 | Lair:5   | Killed a five-headed hydra
 13641 | Lair:5   | Found a staircase to the Slime Pits.
 14087 | Lair:6   | Entered Level 6 of the Lair of Beasts
 14151 | Lair:6   | Reached XP level 13. HP: 89/117 MP: 12/12
 14233 | Lair:6   | Noticed Snorg
 14242 | Lair:6   | Killed Snorg
 15219 | Lair:6   | Noticed Rupert
 15228 | Lair:6   | Killed Rupert
 15836 | Lair:6   | Reached skill level 15 in Fighting
 15918 | Lair:6   | Received a gift from Trog
 16329 | D:10     | Noticed Harold
 16340 | D:10     | Killed Harold
 16340 | D:10     | Reached XP level 14. HP: 125/133 MP: 13/13
 16391 | D:10     | Found a staircase to the Orcish Mines.
 16839 | Orc:1    | Entered Level 1 of the Orcish Mines
 16917 | Orc:1    | Noticed Josephine
 16925 | Orc:1    | Killed Josephine
 17312 | Orc:1    | Found a roughly hewn altar of Beogh.
 17549 | Orc:2    | Entered Level 2 of the Orcish Mines
 17559 | Orc:2    | Received a gift from Trog
 17795 | Orc:1    | HP: 6/133 [ettin/great mace (22)]
 18327 | Orc:2    | Paralysed by an orc sorcerer for 3 turns
 19333 | Orc:2    | Noticed an orc warlord
 19382 | Orc:1    | Killed an orc warlord
 19446 | Orc:2    | Received a gift from Trog
 19786 | Orc:2    | Found a staircase to the Elven Halls.
 19946 | Orc:2    | Found Aroali's General Store.
 19947 | Orc:2    | Found Buqar's Book Shoppe.
 19948 | Orc:2    | Found Darestam's Antique Armour Emporium.
 19948 | Orc:2    | Found Taplopsa's Antique Weapon Emporium.
 20304 | Orc:2    | Bought a crystal plate armour for 1760 gold pieces
 20582 | D:11     | Found Irir's Assorted Antiques.
 20675 | D:11     | Found a runed door.
 20675 | D:11     | Found a runed door.
 20676 | D:11     | Found the +2 shield of Resistance {rF+ rC+ MR+}
 21084 | D:11     | Received a gift from Trog
 21218 | D:11     | Killed from afar by a fire dragon

Skill      XL: |  1  2  3  4  5  6  7  8  9 10 11 12 13 14 |
---------------+-------------------------------------------+-----
Axes           | 4 5 6 8 9 11 13 14 15 16 | 16.7
Fighting       | 4 5 6 7 8 9 11 12 15 16 | 16.5
Armour         | 3 4 5 6 8 9 10 11 13 14 | 14.0
Dodging        | 3 4 6 7 8 9 11 12 13 | 13.0

Action                   |  1- 3 |  4- 6 |  7- 9 | 10-12 | 13-15 || total
-------------------------+-------+-------+-------+-------+-------++-------
Melee: Hand axe          |    62 |   180 |   352 |       |       ||   594
       Headbutt          |    10 |    29 |    83 |    95 |    90 ||   307
       War axe           |       |       |    71 |    97 |       ||   168
       Battleaxe         |       |       |       |   395 |       ||   395
       Executioner's axe |       |       |       |    56 |   432 ||   488
       Whip              |       |       |       |     9 |     9 ||    18
Throw: Javelin           |       |       |       |       |     5 ||     5
       Tomahawk          |       |       |       |       |     3 ||     3
Invok: Berserk           |       |     1 |     5 |     4 |     5 ||    15
       Brothers in Arms  |       |       |     1 |     1 |     3 ||     5
       Burn Spellbooks   |       |       |       |     2 |     1 ||     3
Evoke: Wand              |       |       |       |     1 |     1 ||     2
  Use: Scroll            |       |       |     9 |    16 |     4 ||    29
       Potion            |       |       |       |       |     1 ||     1
 Stab: Petrifying        |       |       |       |       |     1 ||     1
  Eat: Chunk             |       |     6 |    15 |    36 |    23 ||    80
       Ration            |       |       |     1 |     1 |     1 ||     3
Armor: Animal skin       |     6 |       |       |       |       ||     6
       Chain mail        |    21 |   105 |   214 |    59 |       ||   399
       Plate armour      |       |       |       |   285 |   247 ||   532
       Crystal plate arm |       |       |       |       |    67 ||    67
Dodge: Dodged            |    39 |    71 |   231 |   347 |   270 ||   958
